 Dungeon Crawl Stone Soup version 0.29-a0-723-gce39da1c22 (webtiles) character file.

Game seed: 18087575322432101406

49407 buhh the Martial Artist (level 14, -34/121 HPs)
             Began as an Octopode Transmuter on June 28, 2022.
             Was a High Priest of Cheibriados.
             Annihilated by a titanic slime creature (103 damage)
             ... on level 12 of the Dungeon.
             The game lasted 00:57:03 (26687 turns).

buhh the Martial Artist (Octopode Transmuter)      Turns: 26687, Time: 00:57:03

Health: -34/121    AC: 12    Str: 30    XL:     14   Next: 50%
Magic:  1/23       EV: 19    Int: 33    God:    Cheibriados [*****.]
Gold:   1339       SH:  0    Dex: 36    Spells: 7/17 levels left

rFire   . . .      SeeInvis .     - Unarmed
rCold   + + +      Faith    +   (shield currently unavailable)
rNeg    . . .      Spirit   .   (helmet currently unavailable)
rPois   +          Reflect  .   D - amulet of faith {!P}
rElec   +          Harm     .   e - ring of resist corrosion
rCorr   +          Rampage  .   a - ring of Becoocam {rElec rPois rF+ Will- Dex+3}
Will    .....                   A - +6 ring of strength
Stlth   ++++......              j - ring of poison resistance
HPRegen 0.30/turn               u - +6 ring of dexterity
MPRegen 0.18/turn               E - +4 ring of evasion
                                (no ring)
                                (no ring)

@: ice-form, studying Air Magic, very slow
A: freezing attack, boosted hp, almost no armour, amphibious, 8 rings, large,
(camouflage 1), (gelatinous body 1), (nimble swimmer 1), (tentacles)
a: End Transformation, Renounce Religion, Bend Time, Temporal Distortion,
Slouch, Step From Time


You were on level 12 of the Dungeon.
You worshipped Cheibriados.
Cheibriados was extremely pleased with you.
You were a creature of crystalline ice.
You visited 3 branches of the dungeon, and saw 19 of its levels.
You also visited: Gauntlet.

You collected 1429 gold pieces.
You spent 90 gold pieces at shops.

Inventory:

Hand Weapons
 n - the +4 dagger "Dutavvu" (melded) {venom, *Noise Str+5 Dex+3}
   (You took it off a hobgoblin on level 2 of the Dungeon)

   It poisons the flesh of those it strikes.
   Str:       It affects your strength (+5).
   Dex:       It affects your dexterity (+3).
   *Noise:    It may make noises in combat.
Missiles
 b - a throwing net {!f}
 o - 11 atropa-tipped darts
 s - 13 poisoned darts
 B - 2 curare-tipped darts
Magical Staves
 q - a staff of fire
Jewellery
 a - the ring of Becoocam (right front paw) {rElec rPois rF+ Will- Dex+3}
   (You acquired it on level 4 of the Dungeon)

   [ring of poison resistance]

   Dex:       It affects your dexterity (+3).
   rF:        It protects you from fire.
   rElec:     It insulates you from electricity.
   rPois:     It protects you from poison.
   Will:      It decreases your willpower.
 e - a ring of resist corrosion (left front paw)
 j - a ring of poison resistance (on tentacle)
 u - a +6 ring of dexterity (on tentacle)
 x - a ring of protection from cold
 A - a +6 ring of strength (on tentacle)
 D - an amulet of faith (around neck) {!P}
 E - a +4 ring of evasion (on tentacle)
 J - a ring of fire
 L - an amulet of reflection
Wands
 f - a wand of flame (1)
 v - a wand of digging (3)
 G - a wand of paralysis (13)
 I - a wand of quicksilver (5)
Scrolls
 c - a scroll of poison
 g - 2 scrolls of identify {!d}
 i - 3 scrolls of brand weapon
 m - a scroll of noise {unknown}
 t - 6 scrolls of teleportation {!d}
 y - a scroll of summoning
 z - 2 scrolls of fear {!r}
 C - 2 scrolls of vulnerability {unknown}
 F - 2 scrolls of enchant weapon
 P - 7 scrolls of magic mapping {!r!d}
 Q - a scroll of fog
 R - 2 scrolls of torment
 X - 2 scrolls of amnesia
 Z - 2 scrolls of enchant armour
Potions
 d - 6 potions of degeneration
 h - 3 potions of berserk rage {!q}
 k - a potion of flight {unknown}
 l - 6 potions of lignification {!d}
 p - 4 potions of attraction {unknown}
 r - 2 potions of ambrosia {unknown}
 w - a potion of magic {unknown}
 H - a potion of might
 K - 4 potions of brilliance {!q!d}
 N - 6 potions of curing {!q!d}
 O - 2 potions of haste {!q!d}
 U - 4 potions of mutation {!d}
 V - a potion of cancellation {!q!d}


   Skills:
 - Level 11.0 Fighting
 - Level 5.0 Dodging
 - Level 4.0 Stealth
 - Level 13.0 Unarmed Combat
 - Level 2.0 Spellcasting
 * Level 12.4 Transmutations
 - Level 8.0 Ice Magic
 - Level 12.0 Invocations


You had 7 spell levels left.
You knew the following spells:

 Your Spells              Type           Power      Damage    Failure   Level
a - Beastly Appendage     Tmut           100%       N/A       1%          1
b - Wereblood             Tmut           71%        N/A       1%          2
c - Spider Form           Tmut/Pois      44%        N/A       1%          3
d - Ice Form              Ice/Tmut       63%        N/A       1%          4

Your spell library contained the following spells:

 Spells                   Type           Power      Damage    Failure   Level
 Ensorcelled Hibernation  Hex/Ice        58%        N/A       1%          2
 Passwall                 Tmut/Erth      36%        N/A       1%          2
 Apportation              Tloc           6%         N/A       6%          1
 Necrotize                Necr           12%        1d4       6%          1
 Poisonous Vapours        Pois/Air       6%         N/A       10%         2
 Sublimation of Blood     Necr           3%         N/A       10%         2
 Alistair's Intoxication  Tmut/Pois      29%        N/A       14%         5
 Gell's Gravitas          Tloc           3%         N/A       19%         3
 Swiftness                Air            3%         N/A       19%         3
 Teleport Other           Tloc           3%         N/A       19%         3
 Airstrike                Air            1%         N/A       54%         4
 Corpse Rot               Necr/Pois/Air  3%         N/A       54%         4
 Passage of Golubria      Tloc           3%         N/A       54%         4
 Summon Lightning Spire   Summ/Air       3%         N/A       54%         4
 Lightning Bolt           Conj/Air       1%         1d12      87%         5
 Silence                  Hex/Air        1%         N/A       87%         5
 Dispersal                Tloc           1%         N/A       100%        6
 Summon Hydra             Summ           1%         N/A       100%        7
 Disjunction              Tloc           1%         N/A       100%        8
 Lehudib's Crystal Spear  Conj/Erth      1%         10d2      100%        8


Dungeon Overview and Level Annotations

Branches:
Dungeon (12/15) Zot: 39625  Temple (1/1) D:5 Zot: 8911    Lair (6/6) D:10 Zot: 37148
 Shoals (0/4) Lair:3        Snake (0/4) Lair:4        Slime (0/5) Lair:6
    Orc (0/2) D:9         Gauntlet (visited)

Altars:
Ashenzari
Cheibriados
Dithmenos
Elyvilon
Gozag
Hepliaklqana
Kikubaaqudgha
Makhleb
Nemelex Xobeh
Okawaru
Ru
Sif Muna
Trog
Uskayaw
Vehumet
Wu Jian
Xom
Yredelemnul
Zin
The Shining One
Jiyva

Shops:
D:7 ?([

Annotations:
D:9 1 runed translucent door, exclusion: door, DocClef's ghost, journeyman GnFi
Lair:5 exclusion: oklob plant, Snorg


Innate Abilities, Weirdness & Mutations

You are a creature of crystalline ice.
You have a powerful freezing melee attack.
Your maximum health is increased.
Your armour is entirely melded.
You are incapable of wielding weapons or throwing items.
You cannot wear most types of armour.
You are amphibious.
You can wear up to eight rings at the same time.
((Your skin changes colour to match your surroundings (Stealth+).))
((Your rubbery body absorbs attacks. (AC +1, EV +1)))
((You are camouflaged when in or above water. (Stealth+)))
((You have tentacles for arms and can constrict up to eight enemies at once.))


Message History

Press: ? - help, Dir - look around, f - activate You can feel time thicken for a moment.
Cheibriados appreciates the change of pace.
Reactivating autopickup.
You feel a bit more experienced.
The slime creature quivers.
The two-headed ogre closely misses you.
The two-headed ogre hits you with a +0 giant club!
Two slime creatures merge to form a large slime creature.
Activating: Slouch (1% risk of failure)
Press: ? - help, Dir - look around, f - activate You can feel time thicken for a moment.
You kill the two-headed ogre!
Cheibriados thoroughly appreciates the change of pace.
You kill the slime creature!
Cheibriados thoroughly appreciates the change of pace.
Cheibriados lowers the support of your attributes as your movement quickens.
Two slime creatures merge to form a very large slime creature.
Two slime creatures merge to form an enormous slime creature.
The slime creature quivers. x3
You pummel the enormous slime creature!!
You freeze the enormous slime creature!
The enormous slime creature is almost dead.
The enormous slime creature hits you!!
Two slime creatures merge to form a titanic slime creature.
Activating: Slouch (1% risk of failure)
Press: ? - help, Dir - look around, f - activate You can feel time thicken for a moment.
You kill the slime creature!
Cheibriados thoroughly appreciates the change of pace.
You kill the slime creature!
Cheibriados appreciates the change of pace.
Okay, then.
Aiming: Paralyse
Press: ? - help, Shift-Dir - straight line, f - titanic slime creature
Aim: a titanic slime creature (almost dead, chance to affect: 31%)
The titanic slime creature easily resists.
The titanic slime creature hits you!!!!
Ouch! That really hurt!
You die...

########### .
#...#.....# ^.
#.#.#.###.# ...
#.#.#.###.# ....
#.#....##.# .....
#.###..##.#
......######.# #..##.#
..J.J.JY..##.# #..##<#
....J(###.##.###..####
### ..... #.##.#....#
..# .... #.##.#.##.#
#.# ### #.##.#.##.#
#.##.#.##.#
#.##.#.##.#
#.##.#.##.#
#....#.##.#


You could see a titanic slime creature and 3 slime creatures.

Vanquished Creatures
  Josephine (D:10)
  5 hydras
  A two-headed ogre (D:12)
  Nergalle (D:11)
  Sonja (D:11)
  A cyclops (D:11)
  10 elephants
  2 manticores
  2 merfolk sirens (Lair:3)
  10 black mambas
  10 cane toads
  2 unseen horrors (D:12)
  5 rime drakes (Lair:6)
  6 komodo dragons
  A raiju (Lair:6)
  10 polar bears
  2 hornets (D:8)
  5 slime creatures
  9 dream sheep (Lair:6)
  17 blink frogs
  35 yaks
  3 shadows
  A water elemental (D:12)
  7 wyverns
  6 wraiths
  2 vampires (D:12)
  4 basilisks
  3 fire bats (Lair:2)
  Eustachio (D:6)
  5 steam dragons
  2 vampire mosquitoes (D:11)
  6 wargs
  16 hell hounds (Lair:6)
  13 water moccasins
  3 acid dragons
  6 orc warriors
  14 black bears
  A swamp drake (Lair:6)
  15 wolves (Lair:6)
  2 ice beasts
  6 centaurs
  A phantom (D:4)
  9 bullfrogs
  2 necrophages
  6 wights
  8 killer bees
  7 electric eels
  3 howler monkeys (D:9)
  3 hounds
  12 jellies
  8 orc priests
  7 iguanas
  2 gnoll shamans
  11 orc wizards
  Natasha (thrice) (D:2)
  7 hell rats (Lair:2)
  11 gnolls
  4 adders
  3 worms
  3 dart slugs
  45 orcs
  18 endoplasms
  2 giant cockroaches (D:3)
  11 hobgoblins
  A quokka (D:1)
  10 ball pythons
  8 bats
  2 frilled lizards
  4 goblins
  3 kobolds
  2 rats (D:2)
468 creatures vanquished.

Vanquished Creatures (collateral kills)
  A torpor snail (Lair:6)
1 creature vanquished.

Vanquished Creatures (others)
  20 fungi
  46 plants
66 creatures vanquished.

Grand Total: 535 creatures vanquished

Notes
Turn   | Place    | Note
-------+----------+-------------------------------------------
     0 | D:1      | buhh the Octopode Transmuter began the quest for the Orb.
     0 | D:1      | Reached XP level 1. HP: 13/13 MP: 3/3
   318 | D:1      | Reached XP level 2. HP: 14/19 MP: 3/5
  1229 | D:1      | Reached XP level 3. HP: 23/25 MP: 4/6
  1530 | D:2      | Noticed Natasha
  1536 | D:2      | Killed Natasha
  1715 | D:2      | Reached XP level 4. HP: 32/32 MP: 5/7
  1768 | D:2      | Noticed Natasha
  1771 | D:2      | Killed Natasha
  1902 | D:2      | Found an ornate altar of the Wu Jian Council.
  2015 | D:2      | Found a faded altar of an unknown god.
  2023 | D:2      | Got Plato's Reference Book on Dark Rituals
  2124 | D:2      | Noticed Natasha
  2128 | D:2      | Identified the +4 dagger "Dutavvu" {venom, *Noise Str+5
                  | Dex+3}
  2129 | D:2      | Killed Natasha
  2130 | D:2      | Reached XP level 5. HP: 21/38 MP: 6/8
  2548 | D:3      | Found a sparkling altar of Nemelex Xobeh.
  2799 | D:3      | Found a hazy altar of Hepliaklqana.
  3361 | D:4      | Found a broken altar of Ashenzari.
  3688 | D:4      | Noticed a phantom
  3708 | D:4      | Killed a phantom
  3709 | D:4      | Reached XP level 6. HP: 46/46 MP: 9/9
  4409 | D:4      | Learned a level 2 spell: Wereblood
  4413 | D:4      | Learned a level 3 spell: Spider Form
  4905 | D:4      | Noticed a black bear
  4919 | D:4      | Killed a black bear
  4920 | D:4      | Reached XP level 7. HP: 35/52 MP: 10/10
  5405 | D:4      | Identified a scroll of acquirement
  5408 | D:4      | Acquired the ring of Becoocam {rElec rPois rF+ Will- Dex+3}
  5656 | D:5      | Entered Level 5 of the Dungeon
  6243 | D:5      | Found a radiant altar of Vehumet.
  6392 | D:5      | Acquired a +6 ring of strength
  6617 | D:5      | Reached XP level 8. HP: 57/57 MP: 11/11
  6686 | D:5      | Found a staircase to the Ecumenical Temple.
  6713 | Temple   | Entered the Ecumenical Temple
  6754 | Temple   | Became a worshipper of Cheibriados the Contemplative
  7130 | D:6      | Found an ancient bone altar of Kikubaaqudgha.
  7376 | D:6      | Noticed Eustachio
  7436 | D:6      | Killed Eustachio
  8233 | D:7      | Identified the +8 hand axe of Otimniost {elec, rPois}
  8487 | D:7      | Found Siysao Rofug's Antique Weapon Shoppe.
  8490 | D:7      | Found Dumokk's Magic Scroll Boutique.
  8497 | D:7      | Bought a scroll of teleportation for 30 gold pieces
  8497 | D:7      | Bought a scroll of identify for 20 gold pieces
  8497 | D:7      | Bought a scroll of fog for 20 gold pieces
  8497 | D:7      | Bought a scroll of identify for 20 gold pieces
  8528 | D:7      | Found a shimmering altar of Xom.
  8593 | D:7      | Reached * piety under Cheibriados
  8774 | D:7      | Learned a level 4 spell: Ice Form
  8849 | D:7      | Reached XP level 9. HP: 59/62 MP: 9/12
  8886 | D:7      | Found a sacrificial altar of Ru.
  9278 | D:7      | Found Ohuz's Armour Emporium.
  9943 | D:8      | Found a hide-covered altar of Uskayaw.
  9974 | D:8      | Noticed a hornet
 10015 | D:8      | Found a white marble altar of Elyvilon.
 10598 | D:8      | Noticed a hornet
 10605 | D:8      | Paralysed by a hornet for 1 turns
 10608 | D:8      | Killed a hornet
 10761 | D:8      | Killed a hornet
 11112 | D:8      | Reached ** piety under Cheibriados
 11372 | D:8      | Reached skill level 4 in Unarmed Combat
 11700 | D:9      | Reached XP level 10. HP: 68/68 MP: 8/13
 11976 | D:9      | Reached skill level 5 in Unarmed Combat
 12279 | D:9      | Found a staircase to the Orcish Mines.
 12383 | D:9      | Found a runed translucent door.
 12384 | D:9      | Noticed DocClef's ghost (journeyman GnFi)
 12384 | D:9      | Noticed a boulder beetle
 12465 | D:9      | Reached *** piety under Cheibriados
 12842 | D:9      | Reached skill level 6 in Unarmed Combat
 13374 | D:10     | Entered Level 10 of the Dungeon
 13444 | D:10     | Noticed Josephine
 13741 | D:10     | Reached XP level 11. HP: 64/77 MP: 13/15
 13869 | D:11     | Noticed a cyclops
 14288 | D:11     | Reached **** piety under Cheibriados
 14634 | D:11     | Noticed Nergalle
 14769 | D:11     | Noticed Sonja
 15047 | D:10     | Found a staircase to the Lair.
 15225 | D:10     | Killed Josephine
 15516 | D:10     | Found a shimmering blue altar of Sif Muna.
 15893 | D:11     | Killed Sonja
 16039 | Lair:1   | Entered Level 1 of the Lair of Beasts
 16091 | Lair:1   | Reached skill level 11 in Invocations
 16768 | Lair:1   | Reached XP level 12. HP: 82/82 MP: 17/20
 17352 | Lair:2   | Reached skill level 7 in Unarmed Combat
 17724 | Lair:2   | Reached skill level 8 in Unarmed Combat
 19363 | Lair:3   | Reached skill level 9 in Unarmed Combat
 19991 | Lair:3   | Reached XP level 13. HP: 93/93 MP: 19/22
 20060 | Lair:3   | Found a staircase to the Shoals.
 20194 | Lair:4   | Found a staircase to the Snake Pit.
 20194 | Lair:4   | Found a gate leading to a gauntlet.
 20203 | Gauntlet | Entered a Gauntlet
 20203 | Gauntlet | Found a transporter.
 20268 | Gauntlet | Found a transporter.
 20271 | Gauntlet | Found a transporter.
 20272 | Gauntlet | Found a transporter.
 20283 | Gauntlet | Found a transporter.
 20283 | Gauntlet | Found a transporter.
 20284 | Gauntlet | Found a transporter.
 20288 | Gauntlet | Found a runed translucent door.
 20291 | Gauntlet | Found a runed translucent door.
 20293 | Gauntlet | Found a transporter.
 20296 | Gauntlet | Found a transporter.
 20297 | Gauntlet | Found a transporter.
 20305 | Gauntlet | Found a transporter.
 20309 | Gauntlet | Found a transporter.
 20310 | Gauntlet | Found a transporter.
 20316 | Gauntlet | Found a runed translucent gate.
 20316 | Gauntlet | Found a runed translucent gate.
 20316 | Gauntlet | Found a runed translucent gate.
 20318 | Gauntlet | Found a transporter.
 20602 | Lair:4   | Reached ***** piety under Cheibriados
 20603 | Lair:4   | Reached skill level 11 in Fighting
 20967 | Lair:4   | Identified the +5 scale mail "Ushri" {rC+}
 21000 | Lair:4   | Reached skill level 10 in Unarmed Combat
 21863 | Lair:4   | Found a shadowy altar of Dithmenos.
 22342 | Lair:5   | Reached skill level 11 in Unarmed Combat
 23053 | Lair:5   | Noticed Snorg
 23506 | Lair:6   | Entered Level 6 of the Lair of Beasts
 24150 | Lair:6   | Reached ****** piety under Cheibriados
 24167 | Lair:6   | Reached skill level 12 in Unarmed Combat
 24362 | Lair:6   | Reached XP level 14. HP: 90/101 MP: 8/23
 24396 | Lair:6   | Reached skill level 13 in Unarmed Combat
 24752 | Lair:6   | Found a viscous altar of Jiyva.
 24763 | Lair:6   | Reached skill level 11 in Transmutations
 24844 | Lair:6   | Found a staircase to the Slime Pits.
 26067 | D:11     | Killed Nergalle
 26687 | D:12     | Annihilated by a titanic slime creature

Illustrated notes

Levels and vault maps discovered:
D:1:      dpeg_arrival_houses_and_road, layout_basic, minmay_domino_4
D:2:      layout_basic, shapermc_ecumenical_altar_rom_forum, basic_altar,
          minivault_25, uniq_natasha
D:3:      layout_loops_ring, nicolae_hepliaklqana_hazy_memory,
          mainiacjoe_overflow_surrounded_room, grunt_ministairs_12
D:4:      layout_basic, nicolae_overflow_hidden_temple,
          kennysheep_big_empty_room, interstate_on_off
D:5:      layout_loops_ring, nicolae_vehumet_altar_sigil, temple_pool_b
D:6:      layout_loops_ring, kiku_gazebo_pond_becter, uniq_eustachio
D:7:      layout_loops_ring, kennysheep_mini_moat, kennysheep_little_box,
          serial_shops, shop, nicolae_lakefront_shop, nicolae_take_the_stairs,
          minmay_crystal_water, minmay_manual_monstrance
D:8:      layout_rooms, elyvilon_altar_5, nicolae_uskayaw_dance_hall,
          grunt_ministairs_13, chequers_serial_rivers_micro_e,
          chequers_big_river
D:9:      layout_big_octagon, david_orc_4, ebering_ghost_inner_flame
D:10:     layout_basic, led_sif_pool, erik_lair_orcish_takeover, uniq_josephine
D:11:     layout_rooms, uniq_sonja, uniq_nergalle
D:12:     layout_basic
Temple:   nicolae_temple_hex_pool
Lair:1:   layout_chaotic_city, serial_rivers, chequers_serial_rivers_small_a,
          chequers_serial_rivers_room_a, chequers_serial_rivers_small_b,
          chequers_serial_rivers_large_a, chequers_serial_rivers_small_b,
          chequers_serial_rivers_small_3, st_stairs_12, lemuel_fruit_fields
Lair:2:   layout_concentric_octagons, nicolae_volcano_entry_batcave,
          grunt_megastairs_5
Lair:3:   layout_hall_layers, elwin_shoals_entry_rooms
Lair:4:   layout_small_grid, dummy_snake_entry, basic_altar,
          gauntlet_entry_generic, lemuel_fruit_tree
Lair:5:   lemuel_slime, layout_regular_city, infiniplex_staircase_pool_2,
          uniq_snorg
Lair:6:   hangedman_lair_in_review, layout_regular_city,
          hangedman_lair_caniforms_friends, minmay_slime_entry_pillars,
          chequers_serial_rivers_small_3, guppyfry_lair_drakes

Skill      XL: |  1  2  3  4  5  6  7  8  9 10 11 12 13 14 |
---------------+-------------------------------------------+-----
Stealth        | 1 3 4 |  4.0
Fighting       | 2 3 4 6 7 8 10 11 | 11.0
Transmutations | 4 6 8 10 12 | 12.4
Ice Magic      | 4 8 |  8.0
Dodging        | 3 5 |  5.0
Unarmed Combat | 4 6 9 12 13 | 13.0
Invocations    | 5 11 12 | 12.0
Spellcasting   | |  2.0

Action                   |  1- 3 |  4- 6 |  7- 9 | 10-12 | 13-15 || total
-------------------------+-------+-------+-------+-------+-------++-------
Melee: Unarmed           |    57 |    20 |   147 |   405 |   307 ||   936
       Kick              |    11 |    11 |       |       |       ||    22
       Constrict         |    13 |    31 |    19 |       |     1 ||    64
       Punch             |     5 |     4 |     5 |       |       ||    14
       Tentacles         |     8 |    26 |    28 |       |     2 ||    64
       Dagger            |       |   101 |    82 |       |     2 ||   185
Throw: Dart              |       |    17 |     8 |       |       ||    25
 Cast: Beastly Appendage |    19 |    10 |       |       |       ||    29
       Spider Form       |       |       |    10 |       |       ||    10
       Ice Form          |       |       |    13 |    62 |    48 ||   123
       Wereblood         |       |       |     2 |     7 |     2 ||    11
Invok: Slouch            |       |       |       |     3 |     8 ||    11
Evoke: Wand              |       |       |    10 |    12 |     9 ||    31
  Use: Potion            |     1 |     2 |     5 |     2 |     3 ||    13
       Scroll            |       |       |    19 |    12 |     2 ||    33
 Stab: Sleeping          |     6 |     5 |     6 |     3 |     7 ||    27
       Invisible         |       |     1 |     1 |       |       ||     2
       Distracted        |       |       |     1 |       |     1 ||     2
       Paralysed         |       |       |       |     2 |       ||     2
Armor: Skin              |    17 |    53 |    46 |   117 |    98 ||   331
Dodge: Dodged            |    31 |    56 |   171 |   242 |   293 ||   793

Table legend: (Time is in decaauts)
 A = Elapsed time spent in this place.
 B = Non-inter-level travel time spent in this place.
 C = Inter-level travel time spent in this place.
 D = Time resting spent in this place.
 E = Time spent auto-exploring this place.
 F = Levels seen in this place.
 G = Mean time per level.
                   A        B        C        D        E       F      G
               +--------+--------+--------+--------+--------+-----+--------+
         Total |  32656 |  31089 |   1567 |   5442 |  20833 |  20 | 1632.8 |
       Dungeon |  19134 |  18089 |   1045 |   3930 |  11068 |  12 | 1594.5 |
        Temple |     68 |     42 |     26 |      0 |     30 |   1 |   68.0 |
          Lair |  12810 |  12315 |    495 |   1512 |   9413 |   6 | 2135.0 |
      Gauntlet |    643 |    643 |      0 |      0 |    320 |   1 |  643.0 |
               +--------+--------+--------+--------+--------+-----+--------+

Top non-repeatable levels by time:
  Lair:6: 3105 daAuts
     D:7: 2596 daAuts
     D:9: 2419 daAuts
  Lair:4: 2325 daAuts
  Lair:2: 2243 daAuts
  Lair:1: 2005 daAuts
    D:10: 1988 daAuts
  Lair:5: 1824 daAuts
     D:4: 1816 daAuts
    D:11: 1585 daAuts
     D:5: 1466 daAuts
     D:8: 1444 daAuts
     D:3: 1312 daAuts
  Lair:3: 1305 daAuts
     D:1: 1304 daAuts
